Workbook

Sheet 請求書
A1: 請 求 書
A3: 株式会社〇〇工業 御中 | D3: 請求日 | E3: 46326
D4: 請求書番号
D6: 屋号・会社名
D7: 住所
D8: 電話
D9: 登録番号
A11: 件名（工事名・現場名） | B11: 〇〇ビル新築工事
A12: 注文番号
A13: 対象期間（開始日・終了日） | B13: 46296 | D13: 46326
A15: ご請求金額（税込） | B15: =E30 -> 967340
A17: 内容 | B17: 数量 | C17: 単位 | D17: 単価 | E17: 金額
A18: 常用 人工代（通常） | B18: =出面集計!H36 -> 33 | C18: 人工 | D18: 22000 | E18: =N(B18)*N(D18) -> 726000
A19: 常用 人工代（半日 0.5人工×2回） | B19: =出面集計!H37 -> 1 | C19: 人工 | D19: 22000 | E19: =N(B19)*N(D19) -> 22000
A20: 残業 | B20: =出面集計!E35 -> 12 | C20: 時間 | D20: 3500 | E20: =N(B20)*N(D20) -> 42000
A21: 夜間 | B21: =出面集計!F35 -> 2 | C21: 人工 | D21: 27500 | E21: =N(B21)*N(D21) -> 55000
A22: 日曜 | B22: =出面集計!G35 -> 1 | C22: 人工 | D22: 26400 | E22: =N(B22)*N(D22) -> 26400
A23: 駐車場代 | B23: 1 | C23: 式 | D23: 8000 | E23: =N(B23)*N(D23) -> 8000
E24: =N(B24)*N(D24) -> 0
E25: =N(B25)*N(D25) -> 0
E26: =N(B26)*N(D26) -> 0
E27: =N(B27)*N(D27) -> 0
D28: 小計（10％対象） | E28: =SUM(E18:E27) -> 879400
D29: 消費税（10％） | E29: =ROUNDDOWN(E28*0.1,0) -> 87940
D30: 合計 | E30: =E28+E29 -> 967340
A32: 振込先
A33: 銀行
A34: 支店
A35: 種別
A36: 番号
A37: 名義
A39: 支払期日

Sheet 出面集計
A1: 出面集計（1＝1日、0.5＝半日、空欄＝休み）
B2: Aさん | C2: Bさん
A3: 日付 | B3: 職人さん1 | C3: 職人さん2 | D3: 職人さん3 | E3: 残業時間 | F3: 夜間（人工） | G3: 日曜（人工） | H3: 全員（1日の欄）
A4: 1日 | B4: 1 | C4: 1 | E4: 2 | H4: =SUM(B4:D4) -> 2
A5: 2日 | B5: 1 | C5: 1 | E5: 2 | H5: =SUM(B5:D5) -> 2
A6: 3日 | B6: 1 | C6: 1 | E6: 2 | H6: =SUM(B6:D6) -> 2
A7: 4日 | H7: =SUM(B7:D7) -> 0
A8: 5日 | B8: 1 | C8: 1 | E8: 2 | H8: =SUM(B8:D8) -> 2
A9: 6日 | B9: 1 | C9: 1 | E9: 2 | H9: =SUM(B9:D9) -> 2
A10: 7日 | B10: 1 | C10: 1 | E10: 2 | H10: =SUM(B10:D10) -> 2
A11: 8日 | B11: 1 | C11: 1 | H11: =SUM(B11:D11) -> 2
A12: 9日 | B12: 1 | C12: 1 | H12: =SUM(B12:D12) -> 2
A13: 10日 | B13: 1 | C13: 1 | H13: =SUM(B13:D13) -> 2
A14: 11日 | H14: =SUM(B14:D14) -> 0
A15: 12日 | B15: 1 | C15: 1 | H15: =SUM(B15:D15) -> 2
A16: 13日 | B16: 1 | C16: 1 | H16: =SUM(B16:D16) -> 2
A17: 14日 | B17: 1 | C17: 1 | H17: =SUM(B17:D17) -> 2
A18: 15日 | B18: 1 | C18: 1 | H18: =SUM(B18:D18) -> 2
A19: 16日 | B19: 1 | C19: 1 | H19: =SUM(B19:D19) -> 2
A20: 17日 | B20: 1 | C20: 1 | H20: =SUM(B20:D20) -> 2
A21: 18日 | G21: 1 | H21: =SUM(B21:D21) -> 0
A22: 19日 | B22: 1 | C22: 1 | H22: =SUM(B22:D22) -> 2
A23: 20日 | B23: 1 | C23: 0.5 | H23: =SUM(B23:D23) -> 1.5
A24: 21日 | B24: 0.5 | H24: =SUM(B24:D24) -> 0.5
A25: 22日 | F25: 2 | H25: =SUM(B25:D25) -> 0
A26: 23日 | H26: =SUM(B26:D26) -> 0
A27: 24日 | H27: =SUM(B27:D27) -> 0
A28: 25日 | H28: =SUM(B28:D28) -> 0
A29: 26日 | H29: =SUM(B29:D29) -> 0
A30: 27日 | H30: =SUM(B30:D30) -> 0
A31: 28日 | H31: =SUM(B31:D31) -> 0
A32: 29日 | H32: =SUM(B32:D32) -> 0
A33: 30日 | H33: =SUM(B33:D33) -> 0
A34: 31日 | H34: =SUM(B34:D34) -> 0
A35: 職人さんごとの合計 | B35: =SUM(B4:B34) -> 17.5 | C35: =SUM(C4:C34) -> 16.5 | D35: =SUM(D4:D34) -> 0 | E35: =SUM(E4:E34) -> 12 | F35: =SUM(F4:F34) -> 2 | G35: =SUM(G4:G34) -> 1 | H35: =SUM(B35:D35) -> 34
A36: うち 1日の数 | B36: =COUNTIF(B4:B34,1) -> 17 | C36: =COUNTIF(C4:C34,1) -> 16 | D36: =COUNTIF(D4:D34,1) -> 0 | H36: =SUM(B36:D36) -> 33
A37: うち 半日（人工） | B37: =SUMIF(B4:B34,0.5) -> 0.5 | C37: =SUMIF(C4:C34,0.5) -> 0.5 | D37: =SUMIF(D4:D34,0.5) -> 0 | H37: =SUM(B37:D37) -> 1
A39: 全員の合計は右の列（全員）。この合計が「請求書」の数量に入ります。

Sheet ひな形（空）
A1: 請 求 書
D3: 請求日
D4: 請求書番号
D6: 屋号・会社名
D7: 住所
D8: 電話
D9: 登録番号
A11: 件名（工事名・現場名）
A12: 注文番号
A13: 対象期間（開始日・終了日）
A15: ご請求金額（税込） | B15: =E30 -> 0
A17: 内容 | B17: 数量 | C17: 単位 | D17: 単価 | E17: 金額
E18: =N(B18)*N(D18) -> 0
E19: =N(B19)*N(D19) -> 0
E20: =N(B20)*N(D20) -> 0
E21: =N(B21)*N(D21) -> 0
E22: =N(B22)*N(D22) -> 0
E23: =N(B23)*N(D23) -> 0
E24: =N(B24)*N(D24) -> 0
E25: =N(B25)*N(D25) -> 0
E26: =N(B26)*N(D26) -> 0
E27: =N(B27)*N(D27) -> 0
D28: 小計（10％対象） | E28: =SUM(E18:E27) -> 0
D29: 消費税（10％） | E29: =ROUNDDOWN(E28*0.1,0) -> 0
D30: 合計 | E30: =E28+E29 -> 0
A32: 振込先
A33: 銀行
A34: 支店
A35: 種別
A36: 番号
A37: 名義
A39: 支払期日

Sheet 記入例（一人親方）
A1: 請 求 書
A3: 株式会社〇〇工業 御中 | D3: 請求日 | E3: 46326
D4: 請求書番号
D6: 屋号・会社名
D7: 住所
D8: 電話
D9: 登録番号
A11: 件名（工事名・現場名） | B11: 〇〇様邸新築工事
A12: 注文番号
A13: 対象期間（開始日・終了日） | B13: 46296 | D13: 46326
A15: ご請求金額（税込） | B15: =E30 -> 449900
A17: 内容 | B17: 数量 | C17: 単位 | D17: 単価 | E17: 金額
A18: 〇〇様邸新築工事 大工工事（常用） 10/1〜10/31 | B18: 18 | C18: 人工 | D18: 22000 | E18: =N(B18)*N(D18) -> 396000
A19: 残業 | B19: 3 | C19: 時間 | D19: 3000 | E19: =N(B19)*N(D19) -> 9000
A20: 駐車場代（実費） | B20: 1 | C20: 式 | D20: 4000 | E20: =N(B20)*N(D20) -> 4000
E21: =N(B21)*N(D21) -> 0
E22: =N(B22)*N(D22) -> 0
E23: =N(B23)*N(D23) -> 0
E24: =N(B24)*N(D24) -> 0
E25: =N(B25)*N(D25) -> 0
E26: =N(B26)*N(D26) -> 0
E27: =N(B27)*N(D27) -> 0
D28: 小計（10％対象） | E28: =SUM(E18:E27) -> 409000
D29: 消費税（10％） | E29: =ROUNDDOWN(E28*0.1,0) -> 40900
D30: 合計 | E30: =E28+E29 -> 449900
A32: 振込先
A33: 銀行
A34: 支店
A35: 種別
A36: 番号
A37: 名義
A39: 支払期日

Sheet インボイス登録あり
A1: 請 求 書
D3: 請求日
D4: 請求書番号
D6: 屋号・会社名
D7: 住所
D8: 電話
D9: 登録番号
A11: 件名（工事名・現場名）
A12: 注文番号
A13: 対象期間（開始日・終了日）
A15: ご請求金額（税込） | B15: =E30 -> 0
A17: 内容 | B17: 数量 | C17: 単位 | D17: 単価 | E17: 金額
E18: =N(B18)*N(D18) -> 0
E19: =N(B19)*N(D19) -> 0
E20: =N(B20)*N(D20) -> 0
E21: =N(B21)*N(D21) -> 0
E22: =N(B22)*N(D22) -> 0
E23: =N(B23)*N(D23) -> 0
E24: =N(B24)*N(D24) -> 0
E25: =N(B25)*N(D25) -> 0
E26: =N(B26)*N(D26) -> 0
E27: =N(B27)*N(D27) -> 0
D28: 小計（10％対象） | E28: =SUM(E18:E27) -> 0
D29: 消費税（10％） | E29: =ROUNDDOWN(E28*0.1,0) -> 0
D30: 合計 | E30: =E28+E29 -> 0
A32: 振込先
A33: 銀行
A34: 支店
A35: 種別
A36: 番号
A37: 名義
A39: 支払期日

Sheet インボイス登録なし
A1: 請 求 書
D3: 請求日
D4: 請求書番号
D6: 屋号・会社名
D7: 住所
D8: 電話
A10: 件名（工事名・現場名）
A11: 注文番号
A12: 対象期間（開始日・終了日）
A14: ご請求金額（税込） | B14: =E29 -> 0
A16: 内容 | B16: 数量 | C16: 単位 | D16: 単価 | E16: 金額
E17: =N(B17)*N(D17) -> 0
E18: =N(B18)*N(D18) -> 0
E19: =N(B19)*N(D19) -> 0
E20: =N(B20)*N(D20) -> 0
E21: =N(B21)*N(D21) -> 0
E22: =N(B22)*N(D22) -> 0
E23: =N(B23)*N(D23) -> 0
E24: =N(B24)*N(D24) -> 0
E25: =N(B25)*N(D25) -> 0
E26: =N(B26)*N(D26) -> 0
D27: 小計（税抜） | E27: =SUM(E17:E26) -> 0
D28: 消費税相当額（10％） | E28: =ROUNDDOWN(E27*0.1,0) -> 0
D29: 合計（10%対象 税込） | E29: =E27+E28 -> 0
A31: 振込先
A32: 銀行
A33: 支店
A34: 種別
A35: 番号
A36: 名義
A38: 支払期日
